 Dungeon Crawl Stone Soup version 0.25-a0-339-gb37b713d4c (webtiles) character file.

Game seed: 11488089145876949999, levelgen mode: deterministic

22770 Gargoyl the Cleaver (level 12, -2/100 HPs)
             Began as a Centaur Abyssal Knight on Dec 27, 2019.
             Was a Priest of Lugonu.
             Killed from afar by a starcursed mass (11 damage)
             ... with an accursed screaming
             ... on level 1 of the Abyss on Dec 29, 2019.
             The game lasted 00:23:48 (13028 turns).

Gargoyl the Cleaver (Centaur Abyssal Knight)       Turns: 13028, Time: 00:23:49

Health: -2/100     AC: 20    Str: 23    XL:     12   Next: 65%
Magic:  19/19      EV:  6    Int: 11    God:    Lugonu [***...]
Gold:   1010       SH: 13    Dex: 11    Spells: 11/11 levels left

rFire    + . .     SeeInvis .   w - +2 war axe (elec)
rCold    + . .     Gourm    .   l - +3 shield
rNeg     . . .     Faith    .   q - +5 plate armour of Salvation {Str+3}
rPois    +         Spirit   .   j - +2 hat
rElec    +         Reflect  .   (no cloak)
rCorr    +         Harm     .   e - +0 pair of gloves
MR       .....     Clarity  +   (no barding)
Stlth    ..........             k - amulet of regeneration
HPRegen  0.66/turn              n - +4 ring of slaying
MPRegen  0.16/turn              B - ring of poison resistance

@: about to teleport, resistant, very quick
A: large, hooves 3, agile 1, blink, clarity, deformed body, speed 2, tough skin
3
a: Blink, Depart the Abyss, Bend Space, Banish, Renounce Religion


You were on level 1 of the Abyss.
You worshipped Lugonu.
Lugonu was most pleased with you.
You were near starving.

You visited 2 branches of the dungeon, and saw 14 of its levels.
You visited the Abyss 2 times.

You collected 1010 gold pieces.

Inventory:

Hand Weapons
 a - a +3 hand axe
 w - a +2 war axe of electrocution (weapon)
Armour
 e - a +0 pair of gloves (worn)
 j - a +2 hat (worn)
 l - a +3 shield (worn)
 q - the +5 plate armour of Salvation (worn) {Str+3}
   (You found it on level 5 of the Dungeon)

   It affects your strength (+3).
Jewellery
 k - an amulet of regeneration (around neck)
 n - a +4 ring of slaying (left hand)
 o - an uncursed ring of positive energy
 B - a ring of poison resistance (right hand)
 C - an uncursed ring of positive energy
 F - an uncursed ring of protection from fire
Wands
 i - a wand of flame (40)
 v - a wand of paralysis (4)
 z - a wand of iceblast (5)
Scrolls
 f - 7 scrolls of identify
 m - 7 scrolls of teleportation
 r - a scroll of enchant armour
 t - 5 scrolls of magic mapping
 u - 4 scrolls of remove curse
Potions
 b - 2 potions of cancellation
 g - 2 potions of might
 h - 3 potions of agility
 p - 5 potions of brilliance
 x - 3 potions of magic
Comestibles
 c - 24 rations


   Skills:
 + Level 7.1 Fighting
 + Level 10.2 Axes
 * Level 8.2 Armour
 * Level 6.4 Dodging
 + Level 4.8 Shields
 * Level 10.1 Invocations
 + Level 0.4 Evocations


You had 11 spell levels left.
You didn't know any spells.
Your spell library contained the following spells:

 Spells                   Type           Power        Failure   Level  Hunger
 Corona                   Hex            #......      100%        1    ##.....
 Foxfire                  Conj/Fire      #...         100%        1    ##.....
 Sandblast                Erth           #.....       100%        1    ##.....
 Shock                    Conj/Air       #...         100%        1    ##.....
 Ensorcelled Hibernation  Hex/Ice        #.....       100%        2    ###....
 Swiftness                Chrm/Air       #.......     100%        2    ###....
 Confuse                  Hex            #.......     100%        3    ####...
 Conjure Flame            Conj/Fire      #.......     100%        3    ####...
 Dazzling Flash           Conj/Hex       #.....       100%        3    ####...
 Inner Flame              Hex/Fire       #.......     100%        3    ####...
 Static Discharge         Conj/Air       #.......     100%        3    ####...
 Stone Arrow              Conj/Erth      #.....       100%        3    ####...
 Tukima's Dance           Hex            #.......     100%        3    ####...
 Airstrike                Air            #.........   100%        4    #####..
 Cause Fear               Hex            #.........   100%        4    #####..
 Petrify                  Tmut/Erth      #.......     100%        4    #####..
 Sticky Flame             Conj/Fire      #.......     100%        4    #####..
 Summon Lightning Spire   Summ/Air       #.......     100%        4    #####..
 Bolt of Magma            Conj/Fire/Erth #.........   100%        5    ######.
 Fireball                 Conj/Fire      #.........   100%        5    ######.
 Irradiate                Conj/Tmut      #.........   100%        5    ######.
 Iskenderun's Battlesphe  Conj/Chrm      #.......     100%        5    ######.
 Lightning Bolt           Conj/Air       #.........   100%        5    ######.
 Silence                  Hex/Air        #.........   100%        5    ######.
 Yara's Violent Unravell  Hex/Tmut       #.........   100%        5    ######.
 Conjure Ball Lightning   Conj/Air       #.........   100%        6    #######
 Deflect Missiles         Chrm/Air       #.........   100%        6    #######
 Freezing Cloud           Conj/Ice/Air   #.........   100%        6    #######
 Hydra Form               Tmut           #.........   100%        6    #######
 Iron Shot                Conj/Erth      #.........   100%        6    #######
 Statue Form              Tmut/Erth      #........    100%        6    #######
 Dragon Form              Tmut           #.........   100%        7    #######
 Orb of Destruction       Conj           #.........   100%        7    #######
 Spellforged Servitor     Conj/Summ      #.........   100%        7    #######
 Discord                  Hex            #.........   100%        8    #######
 Tornado                  Air            #.........   100%        9    #######


Dungeon Overview and Level Annotations

Branches:
Dungeon (9/15)             Temple (0/1) D:5            Lair (5/6) D:8
  Swamp (0/4) Lair:2        Snake (0/4) Lair:3
  Slime: Lair:5-6       Orc: D:9-12

Altars:
Elyvilon
Gozag
Uskayaw
The Shining One

Shops:
D:5 *   D:8 *

Portals:
Ice
Cave: Lair:2

Annotations:
Lair:5 Nessos


Innate Abilities, Weirdness & Mutations

You have hooves in place of feet.
Armour fits poorly on your strangely shaped body.
You cover ground very quickly.
You have extremely tough skin. (AC +3)
You are agile. (Dex +2)
You can translocate small distances at will.
You possess an exceptional clarity of mind.


Message History

You bump into the rock wall.
A chorus of shrieks assaults your mind.
* * * LOW HITPOINT WARNING * * *
A starcursed mass splits.
Unknown command.
Found a ration.
You bump into the rock wall.
A starcursed mass splits.
You feel less invigorated.
You feel less confused.
A deafening chorus of shrieks assaults your mind!
* * * LOW HITPOINT WARNING * * *
A starcursed mass splits.
Unknown command.
A deafening chorus of shrieks assaults your mind!
* * * LOW HITPOINT WARNING * * *
You feel protected.
A starcursed mass splits.
Unknown command.
A deafening chorus of shrieks assaults your mind!
You die...

........ . ....#...
................#%..
.......... ........
..... #.. #.......
......##.# ....# ###
......#.#X##....#....
......XX..#........
..#..X..XX.........
....#...X##.@...###
... #.#..#......# .
#######.........
..........
.........##
?#...#......
..###......#. ..
.###...#


You could see 6 starcursed masses.

Vanquished Creatures
  Snorg (Lair:3)
  A fire dragon (Lair:4)
  A great orb of eyes (D:8)
  A catoblepas (D:8)
  4 elephants (Lair:4)
  An oklob plant (Lair:3)
  Joseph (D:8)
  2 black mambas (Lair:4)
  3 spiny frogs
  4 rime drakes
  7 komodo dragons
  A troll (D:8)
  2 polar bears
  A slime creature (Lair:4)
  5 blink frogs (Lair:1)
  4 hippogriffs
  A spriggan (D:8)
  19 yaks (Lair:4)
  A wyvern (D:8)
  A basilisk (Lair:1)
  A steam dragon (D:7)
  7 nagas (Lair:3)
  8 water moccasins
  3 porcupines
  A hornet zombie (D:6)
  An ice beast (D:6)
  A sky beast (D:5)
  2 black bears
  2 phantoms
  5 ogres
  A centaur (D:7)
  6 crocodiles
  11 bullfrogs
  A scorpion (D:7)
  An electric eel (Lair:4)
  3 wights (D:6)
  4 howler monkeys
  4 crimson imps
  2 bullfrog zombies (D:5)
  2 quasits
  A centaur skeleton (D:4)
  9 hounds
  6 orc wizards
  3 orc priests
  A bullfrog skeleton (D:8)
  4 jellies
  5 iguanas
  6 worker ants
  A hound skeleton (D:6)
  7 gnolls
  2 worker ant zombies
  7 adders
  3 shadow imps
  3 oozes
  An adder skeleton (D:5)
  A worm (D:3)
  6 leopard geckos
  25 orcs
  7 giant cockroaches
  4 goblins
  8 hobgoblins
  17 jackals
  10 kobolds
  5 quokkas
  4 ball pythons
  5 bats
  9 frilled lizards
  A quokka skeleton (D:5)
  10 rats
  A fungus (Lair:1)
299 creatures vanquished.

Vanquished Creatures (others)
  2 hydras (Lair:4)
  A manticore (D:8)
  A komodo dragon (Lair:3)
  2 ice devils (Lair:2)
  A quokka (D:7)
  3 fungi
  A plant (Lair:5)
11 creatures vanquished.

Grand Total: 310 creatures vanquished

Notes
Turn   | Place    | Note
-------+----------+-------------------------------------------
     0 | Abyss:1  | Gargoyl the Centaur Abyssal Knight began the quest for the
                  | Orb.
     0 | Abyss:1  | Reached XP level 1. HP: 19/19 MP: 2/2
   168 | Abyss:2  | Gained mutation: You possess an exceptional clarity of
                  | mind. [potion of mutation]
   168 | Abyss:2  | Gained mutation: You are agile. (Dex +2) [potion of
                  | mutation]
   168 | Abyss:2  | Gained mutation: You can translocate small distances at
                  | will. [potion of mutation]
   169 | Abyss:2  | Noticed a large abomination
   170 | D:1      | Escaped the Abyss
   199 | D:1      | Noticed a lindwurm
   199 | D:1      | Noticed a redback
   200 | D:1      | Noticed an anaconda
   200 | D:1      | Noticed a komodo dragon
   226 | D:1      | Reached * piety under Lugonu
   267 | D:1      | Reached XP level 2. HP: 22/26 MP: 3/3
   508 | D:1      | Reached skill level 1 in Dodging
   686 | D:1      | Reached XP level 3. HP: 31/31 MP: 4/4
  1230 | D:2      | Reached ** piety under Lugonu
  1340 | D:2      | Reached XP level 4. HP: 21/38 MP: 5/5
  2079 | D:3      | Reached XP level 5. HP: 45/45 MP: 6/6
  2111 | D:3      | Noticed a +0 hand axe
  2112 | D:3      | Noticed a +0 hand axe
  2116 | D:3      | Found a hide-covered altar of Uskayaw.
  2357 | D:3      | Reached *** piety under Lugonu
  2664 | D:4      | Noticed an ogre
  2683 | D:4      | HP: 2/45 [ogre/+0 giant club (14)]
  3034 | D:4      | Noticed a black bear
  3042 | D:4      | Killed a black bear
  3042 | D:4      | Reached XP level 6. HP: 34/52 MP: 8/8
  3739 | D:4      | Reached XP level 7. HP: 57/58 MP: 9/9
  3895 | D:5      | Entered Level 5 of the Dungeon
  3900 | D:5      | Found a staircase to the Ecumenical Temple.
  4168 | D:5      | Found Sod Omuxt's Assorted Antiques.
  4208 | D:5      | Got a crude plate armour
  4280 | D:5      | Identified the +5 plate armour of Salvation {Str+3} (You
                  | found it on level 5 of the Dungeon)
  4411 | D:5      | Reached XP level 8. HP: 56/66 MP: 11/11
  4528 | D:5      | Reached **** piety under Lugonu
  4937 | D:6      | Reached skill level 1 in Shields
  4956 | D:6      | Reached skill level 5 in Axes
  5585 | D:6      | Reached skill level 5 in Invocations
  5648 | D:6      | Reached skill level 5 in Armour
  5655 | D:6      | Reached XP level 9. HP: 64/73 MP: 12/12
  5884 | D:6      | Found a white marble altar of Elyvilon.
  6403 | D:7      | Reached ***** piety under Lugonu
  6731 | D:7      | Reached skill level 5 in Fighting
  6950 | D:8      | Noticed Joseph
  6967 | D:8      | Killed Joseph
  6999 | D:8      | Noticed a great orb of eyes
  7007 | D:8      | Killed a great orb of eyes
  7007 | D:8      | Reached XP level 10. HP: 66/81 MP: 10/14
  7123 | D:8      | Noticed a catoblepas
  7150 | D:8      | Killed a catoblepas
  7837 | D:8      | Found a staircase to the Lair.
  7883 | D:8      | Found Gozag's Platinum Reserve.
  7883 | D:8      | Found an opulent altar of Gozag.
  7976 | D:8      | Identified the Disquisition on Dusty Feathers
  7986 | D:8      | Got a glittering silver ring
  7992 | D:8      | Identified the ring "Boamol" {+Inv rF+} (You found it on
                  | level 8 of the Dungeon)
  8012 | D:8      | Found a runed translucent door.
  8012 | D:8      | Found a runed translucent door.
  8012 | D:8      | Noticed a manticore
  8090 | D:8      | HP: 4/83 [manticore (12)]
  8093 | D:8      | Banished a manticore
  8558 | Lair:1   | Entered Level 1 of the Lair of Beasts
  9144 | Lair:1   | Reached XP level 11. HP: 89/89 MP: 16/16
  9377 | Lair:2   | Noticed an eight-headed hydra
  9379 | Lair:2   | Banished an eight-headed hydra
  9387 | Lair:2   | Reached skill level 5 in Dodging
  9460 | Lair:2   | Found a staircase to the Swamp.
  9890 | Lair:2   | Found a frozen archway.
 10300 | Lair:3   | Got a jewelled ring mail
 10301 | Lair:3   | Identified the +1 ring mail of Servitude {*Corrode rF+ rC++
                  | Str+2} (You found it on level 3 of the Lair of Beasts)
 10590 | Lair:3   | Noticed Snorg
 10649 | Lair:3   | Killed Snorg
 11036 | Lair:3   | Found a staircase to the Snake Pit.
 11046 | Lair:3   | Found a glowing golden altar of the Shining One.
 11046 | Lair:3   | Noticed an oklob plant
 11056 | Lair:3   | Killed an oklob plant
 11259 | Lair:4   | Noticed a five-headed hydra
 11261 | Lair:4   | Banished a five-headed hydra
 11623 | Lair:4   | Reached XP level 12. HP: 92/97 MP: 19/19
 11722 | Lair:4   | Noticed a fire dragon
 11759 | Lair:4   | Killed a fire dragon
 11800 | Lair:4   | Identified Fogy's Collected Works on the Frostbite and
                  | Feathers
 11952 | Lair:4   | Upgraded the game from 0.25-a0-317-g5f8687bca5 to
                  | 0.25-a0-339-gb37b713d4c
 11991 | Lair:4   | Noticed a five-headed hydra
 11997 | Lair:4   | Banished a five-headed hydra
 12599 | Lair:4   | Reached skill level 10 in Axes
 12700 | Lair:4   | Reached skill level 10 in Invocations
 13004 | Lair:5   | Noticed Nessos
 13011 | Lair:5   | HP: 4/100 [Nessos/arrow (6)]
 13013 | Abyss:1  | Noticed a starcursed mass
 13028 | Abyss:1  | Killed from afar by a starcursed mass

Levels and vault maps discovered:
D:1:      onia_arrival_zoo_common, layout_basic
D:2:      layout_basic
D:3:      layout_loops_ring, dancing_weapons_uskayaw
D:4:      layout_cave_pools, first_ration, minmay_misc_feat_square
D:5:      layout_loops_ring, minmay_temple_entry_grid, serial_shops,
          nicolae_shop_overgrown_old_shop, grunt_ministairs_9
D:6:      layout_basic, kennysheep_mini
D:7:      layout_loops_ring
D:8:      minmay_the_grid_four_pointed_star
          [minmay_the_grid_triangle_9x9_flanged_cone,
          minmay_the_grid_triangle_9x9_checkered,
          minmay_the_grid_triangle_9x9_tough_junction,
          minmay_the_grid_triangle_9x9_steps,
          minmay_the_grid_prize_diamond_cup], layout_rooms,
          nicolae_gozag_zags_fifth_avenue, grunt_pizzeria, uniq_joseph
D:9:      layout_basic, lemuel_coloured_pillars_altar, enter_bailey_2,
          lemuel_hellish_altar
Lair:1:   layout_loops_ring, grunt_forest_small_clearings, serial_bayou_shore_a,
          grunt_megastairs_5
Lair:2:   layout_regular_city, swamp_mist, portal_ice_cave_demonic_guard
Lair:3:   layout_long_grid, minmay_snake_entry_guardpost_medium,
          lemuel_oklob_altar, lemuel_fruit_fields, lemuel_fruit_tree, uniq_snorg
Lair:4:   dragon1_lemuel, layout_regular_city, beast_lair_carwin_2,
          grunt_megastairs_1
Lair:5:   layout_regular_city, minmay_slime_entry_pillars,
          minmay_lair_drake_nest, uniq_nessos
Abyss:1:  minivault_27, base:
D:15

Skill      XL: |  1  2  3  4  5  6  7  8  9 10 11 12 |
---------------+-------------------------------------+-----
Axes           | 2 3 4 5 7 8 9 10 | 10.2
Dodging        | 1 2 3 4 5 6 |  6.4
Armour         | 2 3 4 5 6 7 8 |  8.2
Invocations    | 3 4 5 6 7 9 10 | 10.1
Fighting       | 4 5 6 7 |  7.1
Shields        | 1 2 3 4 |  4.8
Evocations     | |  0.4

Action                   |  1- 3 |  4- 6 |  7- 9 | 10-12 || total
-------------------------+-------+-------+-------+-------++-------
Melee: Hand axe          |   108 |   154 |   271 |   218 ||   751
       Kick              |    19 |    38 |    78 |   144 ||   279
       War axe           |       |       |       |   199 ||   199
Invok: Depart the Abyss  |     1 |       |       |       ||     1
       Banish            |       |       |       |    12 ||    12
       Enter the Abyss   |       |       |       |     1 ||     1
Evoke: Wand              |       |       |       |     4 ||     4
  Use: Potion            |     3 |     4 |     2 |     9 ||    18
       Scroll            |     5 |     7 |     9 |     8 ||    29
 Stab: Invisible         |       |     1 |       |       ||     1
  Eat: Chunk             |     1 |     6 |     6 |    12 ||    25
       Ration            |       |       |     1 |     2 ||     3
Armor: Plate armour      |   121 |   151 |   163 |   234 ||   669
Dodge: Dodged            |    16 |    19 |    21 |    82 ||   138
Block: Shield            |       |    11 |   114 |   282 ||   407

Table legend:
 A = Non-vault XP
 B = Vault XP
 C = Vault XP percentage of total XP
 D = Non-vault monster count
 E = Vault monster count
 F = Vault count percentage of total count
                 A         B        C        D         E       F
            +---------+---------+-------+---------+---------+-------
      Total |   21126 |   11403 |  35.1 |     261 |      44 |  14.4
            +---------+---------+-------+---------+---------+-------
        D:1 |      43 |       0 |   0.0 |      23 |       0 |   0.0
        D:2 |     100 |       0 |   0.0 |      31 |       0 |   0.0
        D:3 |     165 |       0 |   0.0 |      30 |       0 |   0.0
        D:4 |     456 |       0 |   0.0 |      12 |       0 |   0.0
        D:5 |     872 |       0 |   0.0 |      29 |       0 |   0.0
        D:6 |    1390 |       0 |   0.0 |      29 |       0 |   0.0
        D:7 |     501 |       0 |   0.0 |      21 |       0 |   0.0
        D:8 |     628 |    4072 |  86.6 |      15 |      18 |  54.5
     Lair:1 |    2743 |     250 |   8.4 |      14 |       1 |   6.7
     Lair:2 |    2594 |     331 |  11.3 |       8 |       2 |  20.0
     Lair:3 |     912 |    2773 |  75.3 |       5 |       9 |  64.3
     Lair:4 |   10087 |    2876 |  22.2 |      40 |      11 |  21.6
     Lair:5 |     635 |    1101 |  63.4 |       4 |       3 |  42.9
            +---------+---------+-------+---------+---------+-------
